Map: Neon Violet Square LE

Players

Juxtapose

  • Race: Protoss Protoss
  • League: Platinum
  • Spawn Location: 11:00

Phido - Winner!

  • Race: Terran Terran
  • League: Platinum
  • Spawn Location: 5:00

VOD

https://youtu.be/eWqMSu_E7C0

Description

My first match as Protoss in a while, and I make several mistakes.

I did good with my push at first, but then I overextend. At the same time while he's distracted, I did (not) rebuild the Pylon to protect my Probes and that cost me big.

With Protoss, I might start experimenting now with proper expanding as opposed to trying one base all-ins, as they're clearly not working for me as the Race. I worry though about handling rushes myself this way.

Time

  • Played on: Jan. 4, 2018, 6:58 p.m.
  • Length: 11:05
Show
View Real Time Build Order
Export as new Build Order

Juxtapose Protoss 

Build Orders:  

Get SALT Encoding   

  12  0:02  Probe  
  13  0:14  Probe  
  14  0:20  Pylon  
  14  0:26  Probe  
  15  0:38  Probe  
  15  0:40  Gateway  
  16  0:50  Probe  
  16  0:52  Assimilator  
  17  1:03  Probe  
  18  1:11  Pylon  
  18  1:17  Probe  
  19  1:22  Assimilator  
  19  1:29  Probe  
  19  1:30  Zealot  
  22  1:41  Probe  
  23  1:53  Probe  
  24  1:57  Zealot  
  26  2:02  Cybernetics Core  
  26  2:05  Probe  
  26  2:08  Pylon  
  26  2:25  Zealot  
  28  2:43  Robotics Facility  
  28  2:44  Adept  
  28  2:51  Warp Gate (Chrono Boost)  
  30  3:04  Pylon  
  30  3:05  Forge  
  30  3:09  Adept  
  32  3:23  Gateway  
  32  3:33  Shield Battery  
  32  3:39  Sentry, Shield Battery  
  32  3:40  Observer (Chrono Boost)  
  33  3:42  Photon Cannon  
  35  3:53  Protoss Ground Weapons Level 1  
  35  4:07  Stalker  
  37  4:12  Immortal (Chrono Boost)  
  41  4:46  Immortal  
  41  4:51  Pylon  
  45  4:57  Pylon  
  45  5:10  Zealot  
  47  5:16  Adept  
  49  5:26  Immortal  
  53  5:30  Twilight Council  
  53  5:37  Adept  
  54  5:45  Stalker  
  50  6:05  Observer  
  50  6:06  Zealot  
  53  6:13  Zealot  
  55  6:22  Probe, Photon Cannon  
  56  6:34  Probe  
  57  6:52  Nexus  
  57  7:02  Photon Cannon  
  43  7:28  Zealot, Immortal  
  27  8:04  Probe  
  27  8:05  Probe  
  29  8:08  Pylon  
  29  8:11  Pylon  
  26  8:15  Pylon  
  26  8:17  Stalker, Probe  
  26  8:18  Stalker  
  25  8:33  Probe x2  
  19  9:01  Observer  
  19  9:02  Stalker  
  18  9:12  Probe  
  19  9:30  Probe  
  20  9:49  Pylon  
  21  10:00  Probe  
  21  10:10  Probe  
  22  10:14  Probe  
  23  10:23  Probe  
  24  10:39  Probe  
  24  10:40  Probe  
Show
View Real Time Build Order
Export as new Build Order

Phido Terran - Winner!

Build Orders:  

Get SALT Encoding   

  12  0:01  SCV  
  13  0:13  SCV  
  14  0:18  Supply Depot  
  14  0:25  SCV  
  15  0:38  Refinery  
  15  0:40  SCV  
  16  0:45  Barracks  
  16  0:52  Refinery  
  16  0:55  SCV  
  17  1:07  SCV  
  18  1:19  SCV  
  19  1:31  SCV  
  19  1:32  Supply Depot, Reaper  
  21  1:45  SCV  
  22  1:57  SCV  
  23  2:03  Factory  
  23  2:10  Barracks Reactor  
  23  2:12  Orbital Command  
  23  2:37  SCV  
  23  2:52  SCV  
  23  2:57  Starport  
  24  3:01  Cyclone x2  
  30  3:17  SCV, Barracks Tech Lab  
  31  3:23  Command Center  
  31  3:41  Supply Depot  
  31  3:46  Supply Depot  
  31  3:50  Starport Tech Lab  
  31  4:01  Supply Depot  
  31  4:03  SCV, Marauder  
  31  4:06  Cyclone  
  31  4:07  Cyclone  
  40  4:12  Banshee  
  40  4:15  SCV  
  44  4:17  Cloaking Field  
  44  4:27  Engineering Bay  
  44  4:29  SCV  
  45  4:38  Orbital Command  
  45  4:53  SCV  
  45  4:59  Supply Depot  
  46  5:01  Refinery  
  46  5:03  Refinery  
  46  5:07  Banshee  
  49  5:16  SCV x2  
  51  5:22  Supply Depot  
  51  5:36  Cyclone x2  
  59  6:17  Medivac  
  59  6:25  Supply Depot  
  59  6:26  Supply Depot  
  59  6:31  Missile Turret  
  59  6:40  Missile Turret  
  59  6:47  Marine x2  
  59  6:49  Siege Tank  
  59  6:53  Missile Turret  
  63  7:04  Missile Turret  
  60  7:14  Missile Turret  
  55  7:21  Marine x2  
  48  7:26  Missile Turret  
  44  7:32  Siege Tank  
  47  7:41  Marine x2  
  39  7:57  Orbital Command  
  39  7:59  Marine x2  
  41  8:14  Banshee  
  41  8:17  Marine  
  38  9:00  SCV x2  
  39  9:12  SCV x2  
  40  9:17  Supply Depot  
  40  9:24  SCV  
  40  9:29  Marine x2  
  40  9:35  Barracks  
  40  9:37  Medivac  
  42  9:38  Barracks  
  42  9:49  Supply Depot  
  42  9:50  Supply Depot x2  
  42  10:12  Supply Depot  
  42  10:15  Siege Tank  
  42  10:20  Factory  
  45  10:23  Barracks Reactor  
  45  10:26  Barracks Reactor  
  45  10:27  Barracks Tech Lab  
Tags
 
Add a new tag
Caveats
  • Supply blocks, unpowered buildings, or Contaminate may cause inaccurate times.
  • Supply counts are checked every 10 seconds.